 Dungeon Crawl Stone Soup version 0.31.0-32-g396128a36d (webtiles) character file.

Game seed: 11159259940063553907

276 Alphaeus the Changeling (level 6, 0/46 HPs)
             Began as a Merfolk Shapeshifter on Mar 19, 2024.
             Was an Initiate of Gozag.
             Slain by a goblin
             ... wielding a +0 club
             ... led by Robin
              (5 damage)
             ... on level 3 of the Dungeon.
             The game lasted 00:02:42 (2314 turns).

Alphaeus the Changeling (Merfolk Shapeshifter)      Turns: 2314, Time: 00:02:42

Health: 0/46       AC:  2    Str: 16    XL:     6   Next: 25%
Magic:  6/6        EV: 13    Int: 10    God:    Gozag
Gold:   436        SH:  0    Dex: 13    Spells: 5/5 levels left

rFire   . .          .
                       - Unarmed
rCold   . . .        (no shield)
rNeg    . . .        a - +0 animal skin
rPois   .            (helmet currently unavailable)
rElec   .            (cloak currently unavailable)
rCorr   .            (gloves currently unavailable)
SInv    .            (boots currently unavailable)
Will    .....        (no amulet)
Stlth   +            (no ring)
HPRegen 0.27/turn    (no ring)
MPRegen 0.10/turn

%: no passive effects
@: about to teleport, beast-form, gold aura
A: beast (slay +3), (nimble swimmer 2), mertail
a: Begin Untransformation, Renounce Religion, Potion Petition, Call Merchant,
Bribe Branch


You were on level 3 of the Dungeon.
You worshipped Gozag.
Gozag was aware of your devotion.
You were a hulking beast.
You visited 1 branch of the dungeon, and saw 3 of its levels.

You collected 436 gold pieces.

Inventory:

Missiles
 k - a throwing net (quivered)
Armour
 a - a +0 animal skin (worn)
 l - a +2 kite shield
Talismans
 c - a beast talisman
 d - a flux talisman
Scrolls
 e - 2 scrolls of identify
 h - a scroll of enchant armour
 o - 4 scrolls of fog {unknown}
 p - a scroll of summoning {unknown}
Potions
 b - a potion of lignification
 g - a potion of attraction {unknown}
 i - a potion of brilliance {unknown}
 j - a potion of enlightenment {unknown}
 m - a potion of might {unknown}
 q - a potion of curing


   Skills:
 + Level 2.6 Fighting
 + Level 4.1 Dodging
 * Level 5.1 Unarmed Combat
 * Level 5.8 Shapeshifting


You had 5 spell levels left.
You didn't know any spells.
Your spell library contained the following spells:

 Spells                   Type           Power      Damage    Failure   Level
 Cigotuvi's Dreadful Rot  Necr/Alch/Air  0%         N/A       50%         2
 Gell's Gravitas          Tloc           0%         N/A       75%         3
 Teleport Other           Tloc           0%         N/A       75%         3
 Volatile Blastmotes      Fire/Tloc      0%         2d10      75%         3
 Dispel Undead            Necr           0%         3d6       98%         4
 Fulminant Prism          Conj/Alch      0%         3d5       98%         4
 Iskenderun's Mystic Bla  Conj/Tloc      0%         2d3       98%         4
 Martyr's Knell           Necr/Summ      0%         N/A       98%         4
 Death Channel            Necr           0%         N/A       100%        6
 Dispersal                Tloc           0%         N/A       100%        6


Dungeon Overview and Level Annotations

Branches:
Dungeon (3/15)

Altars:
Gozag

Annotations:
D:3 Robin


Innate Abilities, Weirdness & Mutations

You are a hulking beast.
Your limbs bulge with bestial killing power. (Slay +3)
((You are very nimble when in or above water. (Stealth+, EV+, Speed+++)))
Your lower body shifts to a powerful aquatic tail in water.


Message History

You hear an angry hiss.
The goblin hits you with a +0 dagger.
Robin laughs in a distinctly smug fashion.
The goblin hits you with a +0 club.
The hobgoblin is no longer distracted by gold.
The hobgoblin is distracted by your dazzling golden aura.
The goblin is distracted by your dazzling golden aura.
The goblin hits you with a +0 dagger.
The kobold is distracted by your dazzling golden aura.
The goblin shouts!
The hobgoblin shouts!
Robin throws the goblin at you!
The goblin is distracted by your dazzling golden aura.
The goblin hits you with a +0 dagger.
* * * LOW HITPOINT WARNING * * *
The goblin shouts!
You see here a +0 club.
The bat is no longer distracted by gold.
The goblin attacks as it pursues you! The goblin hits you with a +0 dagger.
* * * LOW HITPOINT WARNING * * *
The goblin attacks as it pursues you! The goblin closely misses you.
As you read the scroll labelled FOOPIZUIRO, it crumbles to dust.
You feel strangely unstable.
It was a scroll of teleportation.
The goblin is no longer distracted by gold.
The kobold is no longer distracted by gold.
Robin roars a battlecry!
The goblins go into a battle-frenzy!
The kobold hits you with a +0 dagger.
* * * LOW HITPOINT WARNING * * *
The goblin hits you with a +0 club.
* * * LOW HITPOINT WARNING * * *
The goblin barely misses you.
It was a potion of curing.
You feel better.
The hobgoblin is no longer distracted by gold.
Robin throws the goblin at you! The kobold closely misses you.
The goblin hits you with a +0 dagger.
* * * LOW HITPOINT WARNING * * *
The goblin hits you with a +0 club.
You die...
Your body crumbles into a pile of gold.

##.#).### ..
##.##.).######
#..###.......## ##
..###.........## .# ..
.###..[........# .# ##..
.# #.........#.# .##....
.###.........#.###.......
..##.........#..gK.....#
...#............hgb.###
...#.........####gg.#
#>.#.........# #.g.#
#...........#


#ggg# .......... #S.g# #..>..... #$g...# ........ .g..### ..... ....%.. .
......... You could see Robin, 2 hobgoblins, 8 goblins, a bat, a ball python and
a kobold.

Vanquished Creatures
  An ice beast (D:3)
  A bombardier beetle (D:3)
  Natasha (twice) (D:2)
  3 adders
  3 ribbon worms (D:2)
  4 orcs (D:3)
  4 endoplasms
  A giant cockroach (D:2)
  8 goblins
  2 hobgoblins
  5 jackals
  10 ball pythons
  5 bats
  9 frilled lizards
  7 kobolds
  2 rats
67 creatures vanquished.

Vanquished Creatures (others)
  A goblin (D:3)
1 creature vanquished.

Grand Total: 68 creatures vanquished

Notes
Turn   | Place    | Note
-------+----------+-------------------------------------------
     0 | D:1      | Alphaeus the Merfolk Shapeshifter began the quest for the
                  | Orb.
     0 | D:1      | Reached XP level 1. HP: 15/15 MP: 1/1
   138 | D:1      | Found a faded altar of an unknown god.
   148 | D:1      | Prayed at the altar of an unknown god.
   148 | D:1      | Became a worshipper of Gozag Ym Sagoz the Greedy
   181 | D:1      | Reached XP level 2. HP: 21/21 MP: 2/2
   674 | D:2      | Reached XP level 3. HP: 25/26 MP: 3/3
   979 | D:2      | Noticed Natasha
   984 | D:2      | Killed Natasha
   985 | D:2      | Reached XP level 4. HP: 23/33 MP: 4/4
  1056 | D:2      | Reached skill level 5 in Shapeshifting
  1419 | D:2      | Noticed Natasha
  1427 | D:2      | Killed Natasha
  1538 | D:2      | Reached XP level 5. HP: 38/38 MP: 5/5
  1960 | D:3      | Noticed an ice beast
  1970 | D:3      | Killed an ice beast
  1971 | D:3      | Reached XP level 6. HP: 24/46 MP: 6/6
  2074 | D:3      | Reached skill level 5 in Unarmed Combat
  2305 | D:3      | Noticed Robin
  2313 | D:3      | HP: 2/46 [goblin/+0 club[Robin] (2)]
  2314 | D:3      | Slain by a goblin

Illustrated notes

Levels and vault maps discovered:
D:1:      amcnicky_arrival_double_pillar, layout_rooms,
          shapermc_ecumenical_altar_notcrosses
D:2:      layout_basic, minmay_vboxes, uniq_natasha
D:3:      layout_rooms, nicolae_overflow_hidden_temple, uniq_robin

Skill      XL: |  1  2  3  4  5  6 |
---------------+-------------------+-----
Dodging        | 3 4 |  4.1
Unarmed Combat | 4 5 |  5.1
Shapeshifting  | 5 |  5.8
Fighting       | 2 |  2.6

Action                     |  1- 3 |  4- 6 || total
---------------------------+-------+-------++-------
  Melee: Unarmed           |    75 |   101 ||   176
         Punch             |     2 |     3 ||     5
    Use: Potion            |       |     3 ||     3
         Scroll            |       |     2 ||     2
   Stab: Invisible         |       |     1 ||     1
 Armour: Animal skin       |    30 |    60 ||    90
         Skin              |       |    31 ||    31
  Dodge: Dodged            |    39 |    99 ||   138
